Map: Orbital Shipyard

Players

Jbody - Winner!

  • Race: Terran Terran
  • League: Gold

LilDicky

  • Race: Zerg Zerg
  • League: Diamond

VOD

http://www.twitch.tv/tumescentpie

Description

Time

  • Played on: Dec. 11, 2015, 5:17 p.m.
  • Length: 10:30
Show
View Real Time Build Order
Export as new Build Order

Jbody Terran - Winner!

Build Orders: Command Center First (CC), MMM Bio 

Get SALT Encoding   

  12  0:01  SCV  
  13  0:13  SCV  
  14  0:17  Supply Depot  
  14  0:25  SCV  
  15  0:39  SCV  
  16  0:51  SCV  
  17  1:03  SCV  
  18  1:04  Command Center  
  18  1:15  SCV  
  19  1:20  Barracks  
  19  1:27  SCV  
  20  1:32  Supply Depot  
  20  1:40  SCV  
  20  1:43  Refinery  
  20  1:44  Refinery  
  21  1:52  SCV  
  22  2:11  Orbital Command  
  22  2:15  Marine  
  23  2:16  Orbital Command  
  23  2:32  Supply Depot  
  23  2:33  Reaper  
  24  2:41  SCV  
  24  2:43  SCV  
  26  2:53  Factory  
  26  2:56  Barracks  
  26  2:58  Barracks  
  26  2:59  Supply Depot, SCV  
  26  3:02  SCV  
  28  3:05  Barracks Tech Lab  
  28  3:11  SCV  
  29  3:15  SCV  
  30  3:21  Supply Depot  
  30  3:23  SCV  
  32  3:27  SCV  
  32  3:35  SCV  
  32  3:37  Refinery  
  32  3:38  Refinery  
  32  3:39  SCV  
  34  3:48  SCV  
  35  3:51  SCV  
  35  3:54  Factory Tech Lab  
  35  3:55  Barracks Tech Lab  
  35  3:56  Barracks Reactor  
  35  4:00  SCV  
  36  4:03  SCV  
  36  4:04  Stimpack, Marauder  
  36  4:08  Supply Depot  
  39  4:12  SCV  
  39  4:15  SCV  
  41  4:20  Marauder  
  41  4:21  Siege Tank  
  41  4:22  Concussive Shells  
  47  4:24  SCV  
  47  4:30  Marauder  
  47  4:31  Supply Depot, SCV  
  50  4:33  Marine x2  
  50  4:36  SCV  
  53  4:43  SCV, Marauder  
  56  4:50  SCV  
  56  4:51  Marine x2, Marauder  
  61  4:55  SCV  
  62  5:01  Supply Depot  
  62  5:02  Starport  
  62  5:03  SCV  
  62  5:05  Marauder  
  65  5:07  SCV  
  65  5:12  Marine x2  
  68  5:15  Command Center  
  68  5:20  SCV x2  
  70  5:22  Engineering Bay  
  70  5:24  Engineering Bay  
  70  5:25  Marauder  
  70  5:27  Marauder  
  70  5:28  Siege Tank  
  77  5:30  Marine x2  
  79  5:53  Starport Reactor  
  79  5:57  Missile Turret  
  79  6:01  SCV x2  
  81  6:09  Marine x2, Marauder  
  81  6:10  Siege Tank  
  88  6:20  Terran Infantry Weapons Level 1  
  88  6:21  Terran Infantry Armor Level 1  
  88  6:30  Marauder  
  80  6:47  Marine  
  80  6:48  Marauder, Medivac, Marine  
  80  6:49  Medivac  
  80  6:51  Marauder  
  88  7:03  Supply Depot  
  88  7:05  Marine  
  89  7:09  Marine x2  
  89  7:11  Missile Turret  
  89  7:12  Marine  
  92  7:18  Medivac  
  92  7:20  SCV x2  
  96  7:23  Marine  
  96  7:25  Combat Shields  
  96  7:27  Marauder, Marine  
  100  7:30  Missile Turret  
  100  7:31  Marauder  
  100  7:32  SCV x2  
  100  7:34  Missile Turret  
  100  7:35  Orbital Command  
  104  7:41  Marine  
  105  7:44  Marine  
  105  7:48  Marine  
  107  7:53  SCV x2  
  109  8:04  Armory  
  109  8:09  Supply Depot x2  
  109  8:24  Refinery  
  109  8:26  Missile Turret  
  109  8:27  Refinery  
  109  8:30  Marine x2  
  109  8:31  SCV x3, Marauder x2  
  118  8:35  Viking x2  
  122  8:48  SCV x2, Marine  
  124  8:49  Factory  
  125  8:56  Supply Depot, Barracks  
  125  8:57  Supply Depot x2  
  125  8:58  Barracks  
  125  8:59  Barracks  
  125  9:18  Marauder x2, Marine x2  
  134  9:31  Siege Tank  
  134  9:32  Medivac x2  
  134  9:35  Marine x2  
  140  9:39  Marine  
  140  9:40  Marauder  
  143  9:53  Marine x2  
  143  9:57  Marauder  
  147  10:00  Marine  
  148  10:11  Marine  
Show
View Real Time Build Order
Export as new Build Order

LilDicky Zerg 

Build Orders: Hatch First 

Get SALT Encoding   

  12  0:03  Drone  
  13  0:14  Drone  
  14  0:38  Hatchery  
  13  0:43  Drone  
  14  0:54  Extractor x2  
  14  0:55  Drone x2  
  16  1:10  Spawning Pool  
  15  1:13  Overlord  
  15  1:23  Extractor  
  14  1:39  Drone x2  
  16  1:40  Drone  
  17  1:56  Queen  
  17  1:59  Queen  
  21  2:20  Overlord  
  21  2:23  Overlord  
  21  2:30  Roach Warren  
  21  2:32  Drone x5, Extractor  
  24  2:38  Drone  
  24  2:43  Drone  
  26  3:11  Roach  
  26  3:12  Roach x5  
  37  4:05  Lair  
  37  4:06  Roach  
  37  4:07  Overlord, Roach x2  
  37  4:08  Overlord  
  43  4:16  Drone  
  44  4:40  Ravager x2  
  46  4:48  Drone  
  46  4:49  Drone x8  
  56  5:00  Ravager x2  
  57  5:10  Overseer  
  57  5:14  Roach  
  59  5:52  Ravager  
  59  5:54  Overlord x3  
  60  6:09  Hatchery  
  60  6:10  Glial Reconstitution  
  59  6:11  Queen x2  
  63  6:24  Hatchery  
  62  6:34  Ravager  
  62  6:35  Ravager x2  
  37  7:20  Drone x12  
  37  7:21  Drone x3  
  52  7:30  Spine Crawler  
  52  7:32  Spine Crawler  
  52  7:35  Spine Crawler  
  49  7:48  Drone x3  
  49  7:49  Drone x12  
  64  7:52  Drone x2  
  66  7:59  Drone  
  66  8:00  Drone x4  
  66  8:01  Hatchery  
  70  8:27  Queen  
  72  8:44  Extractor x2  
  72  8:46  Extractor  
  72  8:47  Extractor  
  68  8:51  Spine Crawler x2  
  68  8:52  Spine Crawler  
  68  8:53  Zergling x2  
  68  8:54  Spine Crawler x3, Zergling x36  
  81  8:55  Spine Crawler  
  81  8:59  Baneling Nest  
  79  9:06  Spine Crawler  
  79  9:07  Spine Crawler  
  79  9:08  Spine Crawler  
  38  9:53  Zergling x14  
  38  9:54  Zergling x10  
  50  10:10  Zergling x12  
Tags
 
Add a new tag
Caveats
  • Supply blocks, unpowered buildings, or Contaminate may cause inaccurate times.
  • Supply counts are checked every 10 seconds.